[Event "*** SCC Grand Prix: Titled Tuesday Blitz"]
[Site "Chess.com"]
[Date "2020.08.25"]
[Round "3"]
[White "biostatistician"]
[Black "Bulldog167"]
[Result "0-1"]
[WhiteElo "2492"]
[BlackElo "2681"]
[TimeControl "180+1"]
[EndTime "10:31:15 PDT"]
[Termination "Bulldog167 won by resignation"]

1. d4 Nf6 2. Nf3 d5 3. c4 e6 4. Bg5 Bb4+ 5. Nc3 dxc4 6. e4 h6 7. Bxf6 Qxf6 8. Bxc4 c5 9. O-O cxd4 10. Nb5 Qe7 11. e5 O-O 12. a3 Bc5 13. b4 Bb6 14. Qe2 Rd8 15. Rad1 Nc6 16. Qe4 a6 17. Nd6 Nxe5 18. Nxe5 Rxd6 19. Bd3 f5 20. Qf4 Qg5 21. Qf3 Bc7 22. Rfe1 Rd5 23. Nc4 Bd7 24. Nd2 Bc6 25. Bc4 Re5 26. Qh3 Rxe1+ 27. Rxe1 Qxd2 28. Bxe6+ Kh8 29. Rf1 Qg5 30. Bxf5 Bxg2 31. Qxg2 Qxf5 32.
Qxb7 Qc8 33. Qd5 Qd8 34. Qb7 Rb8 35. Qxa6 Rb6 36. Qd3 Qh4 37. h3 Qf4 38. Rd1 Qh2+ 39. Kf1 Qh1+ 40. Ke2 Re6+ 41. Kd2 Qc6 42. Rb1 Bf4+ 43. Kd1 Qc3 44. Qxc3 dxc3 45. Kc2 Re2+ 46. Kxc3 Rxf2 47. a4 Rf3+ 48. Kc4 Rxh3 49. a5 Ra3 50. Rb3 Ra1 51. Kb5 g5 52. a6 g4 53. Kb6 g3 54. Rb2 h5 55. b5 h4 56. Kb7 h3 57.
b6 h2 58. a7 h1=Q+ 0-1

[Event "*** SCC Grand Prix: Titled Tuesday Blitz"]
[Site "Chess.com"]
[Date "2020.08.25"]
[Round "3"]
[White "InitiatingASC"]
[Black "Thee-Chessboy"]
[Result "0-1"]
[WhiteElo "2343"]
[BlackElo "2528"]
[TimeControl "180+1"]
[EndTime "10:31:15 PDT"]
[Termination "Thee-Chessboy won by resignation"]

1. Nf3 Nf6 2. b3 g6 3. Bb2 Bg7 4. e3 O-O 5. c4 c5 6. Be2 Nc6 7. O-O b6 8. d3 Bb7 9. Nbd2 d5 10.
cxd5 Nxd5 11. Bxg7 Kxg7 12. Qc2 f6 13. a3 Rc8 14. Rfd1 e5 15. Rac1 Qe7 16. Qb2 Rfd8 17. Bf1 Nc7 18. Ne4 Ne6 19. Rd2 Rd7 20. Rcd1 Rcd8 21. Nc3 Ba6 22. Ne1 f5 23. Nc2 Kg8 24. b4 Bb7 25. b5 Na5 26. Na1 f4 27.
Nb3 Nxb3 28. Qxb3 fxe3 29. fxe3 Kg7 30. Qc4 Rf8 31. Ne4 Bd5 32. Qc3 Nc7 33. Nf2 Nxb5 34. Qb2 Nd6 35. d4 cxd4 36. exd4 e4 37. Re2 Qg5 38. Rde1 Re7 39. Qb1 Rfe8 40. Nd1 Bc4 41. Re3 Bxf1 42. Rxf1 Qd5 43. Qb4 Nf5 44. Nc3 Qxd4 45.
Qxd4+ Nxd4 46. Rf4 Nc2 47. Rexe4 Rxe4 48. Nxe4 Nxa3 49. Nd6 Re1+ 50. Kf2 Re7 51. Ra4 Nc2 52. Nb5 a5 53. Nc3 Nb4 54. Ra1 Rc7 55. Nb5 Rc5 56. Kf3 Rxb5 0-1

[Event "*** SCC Grand Prix: Titled Tuesday Blitz"]
[Site "Chess.com"]
[Date "2020.08.25"]
[Round "3"]
[White "Schandenfreude"]
[Black "icychess54"]
[Result "1-0"]
[WhiteElo "2500"]
[BlackElo "2245"]
[TimeControl "180+1"]
[EndTime "10:31:15 PDT"]
[Termination "Schandenfreude won by checkmate"]

1. Nf3 d5 2. e3 Nf6 3. c4 c5 4. cxd5 Nxd5 5. d4 cxd4 6. exd4 Bg4 7. Be2 e6 8. O-O Nc6 9. Nc3 Be7 10. Qb3 O-O 11.
Nxd5 Qxd5 12. Qxd5 exd5 13. Be3 Bf6 14. Rfd1 Rac8 15. h3 Bf5 16. g4 Be4 17. g5 Be7 18. Nd2 Bf5 19. h4 Nb4 20. Nb3 Rc2 21. Rd2 Rfc8 22.
Nc5 b6 23. Nb3 Rxd2 24. Bxd2 Rc2 25. Rc1 Rxb2 26. Rc7 Bd6 27. Rxa7 Rxd2 28. Nxd2 Nc2 29. Nf3 Be4 30. Ra8+ Bf8 31. Bd1 Bxf3 32. Bxf3 Nxd4 33. Bxd5 g6 34. Ra7 Ne6 35. Bxe6 fxe6 36. Kg2 Bc5 37. Kf3 e5 38. Rb7 Bd4 39. Ke2 Kh8 40. f3 Kg8 41.
Kd3 Bf2 42. Ke4 Bxh4 43. Rxb6 Bxg5 44. a4 Kg7 45. Rb7+ Kf6 46. a5 h5 47. a6 h4 48.
a7 h3 49. a8=Q h2 50. Qd8+ Ke6 51. Qxg5 Kd6 52. Qxg6+ Kc5 53. Rh7 Kc4 54. Rxh2 Kc3 55. Qc6+ Kb3 56. Qc2+ Kb4 57. Qb2+ Ka4 58. Qa2+ Kb4 59.
Rb2+ Kc3 60. Rb3+ Kc4 61. Qa4+ Kc5 62. Rb5+ Kc6 63. Qa6+ Kd7 64. Rb7+ Ke8 65. Qa8# 1-0

[Event "*** SCC Grand Prix: Titled Tuesday Blitz"]
[Site "Chess.com"]
[Date "2020.08.25"]
[Round "3"]
[White "Steven_Rojas"]
[Black "ZarinaShafigullina"]
[Result "0-1"]
[WhiteElo "2493"]
[BlackElo "2298"]
[TimeControl "180+1"]
[EndTime "10:31:19 PDT"]
[Termination "ZarinaShafigullina won by resignation"]

1. c4 Nf6 2. Nc3 e6 3. e4 c5 4. Nf3 Nc6 5. Be2 d5 6. exd5 exd5 7. d4 cxd4 8. Nxd4 Nxd4 9. Qxd4 dxc4 10. Qxd8+ Kxd8 11. Bxc4 Be6 12. Bxe6 fxe6 13. Bf4 Bb4 14. O-O-O+ Ke7 15. Be5 Rac8 16. Kb1 Rhd8 17. f3 a6 18.
a3 Bd6 19. Bxd6+ Rxd6 20. Rxd6 Kxd6 21. Re1 Rc4 22. Kc2 e5 23. Kb3 Rd4 24. Re2 g5 25. h3 h5 26. Ne4+ Nxe4 27. fxe4 Rd3+ 28. Kc4 Rg3 29. a4 b6 30. b4 Ra3 31. Rf2 Ke6 32.
Rf1 Re3 33. Rf8 Rxe4+ 34. Kc3 Re3+ 35. Kc4 Re4+ 36. Kc3 b5 37. axb5 axb5 38. Rb8 Re3+ 39. Kd2 Rg3 40. Rxb5 Rxg2+ 41. Ke3 Rg3+ 42. Ke4 Rxh3 43.
Rxe5+ Kf6 44. Rf5+ Kg6 45. Rb5 h4 46. Rb8 Rb3 47.
b5 h3 48. b6 g4 49. Kf4 h2 50. Rh8 Rh3 51. Rg8+ Kf7 52. Rf8+ Kxf8 53. b7 Rb3 54. b8=Q+ Rxb8 0-1

[Event "*** SCC Grand Prix: Titled Tuesday Blitz"]
[Site "Chess.com"]
[Date "2020.08.25"]
[Round "3"]
[White "Ze-Pequeno"]
[Black "SilviusTiberius"]
[Result "0-1"]
[WhiteElo "2126"]
[BlackElo "2464"]
[TimeControl "180+1"]
[EndTime "10:31:20 PDT"]
[Termination "SilviusTiberius won on time"]

1. e4 c5 2. Nf3 Nc6 3. d4 cxd4 4. Nxd4 Nf6 5. Nc3 d6 6. Bg5 e6 7. Qd2 Be7 8. O-O-O Nxd4 9. Qxd4 O-O 10. h4 Qa5 11.
f3 a6 12. Kb1 b5 13. e5 dxe5 14.
Qxe5 Bb7 15. Bd3 Rac8 16. h5 Rc5 17. Qg3 Rfc8 18. Bd2 b4 19. Ne4 Nxe4 20. fxe4 Rxh5 21. Qg4 Rxh1 22. Rxh1 Bf6 23. Qh3 h6 24. Qg3 h5 25.
Qf3 Qe5 26. Bc1 g6 27. g4 hxg4 28. Qxg4 Rd8 29. Qh3 Kf8 30. Rf1 Bg7 31. Qf3 Rd7 32. Qf2 Kg8 33. Qb6 a5 34. Qa7 Qd6 35. Qe3 Qd4 36. Qh3 a4 37. Rh1 a3 38. Qh7+ Kf8 39.
Rf1 axb2 40. Bh6 Bxh6 41. Qxh6+ Qg7 42. Qh3 Kg8 43. Qf3 Qd4 44. Rh1 Bc6 45. Qh3 Ba4 46.
Qh7+ Kf8 47. Rf1 b3 48. Qh6+ Ke8 49. Qh2 bxa2+ 50. Kxa2 Ra7 51. Kb1 Ke7 52. Qb8 Bd7 53.
Qxa7 Qxa7 0-1

[Event "*** SCC Grand Prix: Titled Tuesday Blitz"]
[Site "Chess.com"]
[Date "2020.08.25"]
[Round "3"]
[White "VinzentSpitzl"]
[Black "NotFischer"]
[Result "1-0"]
[WhiteElo "2375"]
[BlackElo "2178"]
[TimeControl "180+1"]
[EndTime "10:31:23 PDT"]
[Termination "VinzentSpitzl won by checkmate"]

1. e4 d5 2. exd5 Nf6 3. Nf3 Bg4 4. Bb5+ Nbd7 5. h3 Bh5 6. Nc3 a6 7. Be2 b5 8. a3 Nb6 9. O-O Nfxd5 10. Nxd5 Qxd5 11. d3 e6 12. Be3 Nd7 13. c4 Qb7 14. b4 Be7 15. Qc2 O-O 16. Rac1 Rac8 17.
c5 c6 18. Bf4 Bxf3 19. Bxf3 e5 20. Be3 Rfd8 21. d4 exd4 22. Bxd4 Nf6 23. Bxf6 Bxf6 24.
Bg4 Ra8 25. Rcd1 a5 26. Rd3 Rxd3 27. Qxd3 axb4 28. axb4 Rd8 29. Qb3 Qe7 30. Bf3 Qc7 31. g3 g6 32. Kg2 Rd2 33. Rd1 Rxd1 34. Qxd1 Bc3 35. Qb3 Be5 36. Qa3 Qc8 37. Qa7 Bc3 38. Qa3 Be5 39. Qe3 f6 40. Qe4 Bc3 41. h4 Kg7 42. h5 Qc7 43. hxg6 hxg6 44. Qb1 Qd7 45.
Qb3 Qd4 46. Qe6 Bxb4 47. Qxc6 Qxc5 48. Qd7+ Qe7 49. Qxb5 Bd6 50. Qc6 Qc7 51. Qa8 g5 52. Bd5 Kg6 53. Qg8+ Qg7 54. Be4+ Kh6 55. Qe8 Be5 56.
g4 Bd4 57. Qh5# 1-0

[Event "*** SCC Grand Prix: Titled Tuesday Blitz"]
[Site "Chess.com"]
[Date "2020.08.25"]
[Round "3"]
[White "PSvidler"]
[Black "Skatchkov_V"]
[Result "1/2-1/2"]
[WhiteElo "2959"]
[BlackElo "2680"]
[TimeControl "180+1"]
[EndTime "10:31:24 PDT"]
[Termination "Game drawn by agreement"]

1. e4 e5 2. Nf3 Nf6 3. d4 Nxe4 4. Bd3 Nc6 5. d5 Nf6 6. dxc6 e4 7. cxb7 Bxb7 8.
Be2 exf3 9. Bxf3 Bxf3 10. Qxf3 Be7 11. O-O O-O 12. c4 Rb8 13. Nc3 c6 14. Rd1 Re8 15.
b3 Qa5 16. Bf4 Rbd8 17. a3 Bf8 18. b4 Qf5 19. c5 a5 20. Bc7 Qxf3 21. gxf3 Ra8 22.
Bxa5 Bxc5 23. Bc7 Bf8 24. Bd6 Re6 25. Bxf8 Kxf8 26. a4 d5 27. a5 Nd7 28. b5 cxb5 29. Nxb5 Ne5 30. Nc7 Rg6+ 31. Kh1 Ra7 32. Nb5 Ra8 33.
Rxd5 Nxf3 34. Rf5 Rxa5 35. Rc1 Rf6 36. Rxf6 gxf6 37. Nd6 Rh5 38. Kg2 Nxh2 39. Rh1 Rd5 40. Rxh2 Rxd6 41. Rxh7 Ke7 42. Rh3 f5 43. Re3+ Kf6 44.
Ra3 f4 45. Kf3 Kg5 46. Ra8 Re6 47. Rg8+ Rg6 48. Rf8 Rf6 49. Rg8+ Rg6 50. Rf8 Rf6 51. Rg8+ Kf5 52. Rg4 Ke5 53. Rg8 Rc6 54. Re8+ Re6 55. Rf8 Rf6 56. Re8+ Kf5 57. Ra8 Re6 58. Ra4 Kg6 59.
Rxf4 Rc6 60. Kg2 Rc2 61. Rg4+ Kf6 1/2-1/2

[Event "*** SCC Grand Prix: Titled Tuesday Blitz"]
[Site "Chess.com"]
[Date "2020.08.25"]
[Round "3"]
[White "Margarita2907"]
[Black "JoySpaceman"]
[Result "0-1"]
[WhiteElo "2100"]
[BlackElo "2457"]
[TimeControl "180+1"]
[EndTime "10:31:24 PDT"]
[Termination "JoySpaceman won by resignation"]

1. e4 c5 2. Nf3 a6 3. c3 b5 4. d4 e6 5. Be3 Bb7 6. Bd3 Nf6 7. e5 Nd5 8. Qe2 Nxe3 9. Qxe3 cxd4 10. cxd4 Bb4+ 11.
Nc3 Qa5 12. Rc1 Qxa2 13. O-O Qxb2 14. Ne4 Be7 15. Rc7 Kd8 16. Rxb7 Kc8 17. Rxb8+ Kxb8 18. Rb1 Qa3 19. Ned2 Ra7 20. h3 Rc8 21. Qe2 Rc1+ 22. Rxc1 Qxc1+ 23. Kh2 Rc7 24. Ne4 h6 25. Nd6 Bxd6 26.
exd6 Rb7 27. g3 Qa3 28. Be4 Rb6 29. Ne5 Rxd6 30. Nxf7 Rxd4 31. Bg2 Qc5 32. Qf3 d5 33.
Qf4+ Qc7 34. Qxd4 Qxf7 35. Qe5+ Kb7 36. Qd6 Qf6 37. Qb4 Kb6 38. Qd2 Qe5 39. Qe3+ Qxe3 40. fxe3 b4 41. Bf3 Kb5 42. Bd1 a5 43. Kg2 a4 44. Kf2 b3 45. Ke2 Kb4 46. Kd2 a3 47.
Kc1 Kc3 48. Kb1 e5 49. g4 d4 50. exd4 exd4 51. h4 g5 52. hxg5 hxg5 53. Ka1 d3 54. Kb1 b2 55. Ka2 Kd2 56. Bb3 Kc1 57. Ba4 b1=Q+ 0-1

[Event "*** SCC Grand Prix: Titled Tuesday Blitz"]
[Site "Chess.com"]
[Date "2020.08.25"]
[Round "3"]
[White "GigaQuparadze"]
[Black "UCantHandleDenker"]
[Result "1-0"]
[WhiteElo "2821"]
[BlackElo "2573"]
[TimeControl "180+1"]
[EndTime "10:31:27 PDT"]
[Termination "GigaQuparadze won by resignation"]

1. e3 Nf6 2. f4 g6 3. Nf3 Bg7 4. d4 O-O 5. c4 c5 6. Nc3 cxd4 7.
exd4 d5 8. c5 b6 9. cxb6 axb6 10. Bd3 Nc6 11. Bb5 Qd6 12. Ne5 Na5 13. O-O Bf5 14.
a4 Ne4 15. Nxe4 Bxe4 16. b4 Qxb4 17. Ba3 Qc3 18. Bxe7 Rfc8 19. Ra3 Qb2 20. Rf2 Rc1 21. Rxb2 Rxd1+ 22. Kf2 Rxd4 23. g3 Nc4 24. Bxc4 dxc4 25. Ke3 c3 26. Rxc3 Rdxa4 27. Rxb6 Bd5 28. Bf6 Bxf6 29.
Rxf6 Be6 30. Rc7 R4a7 31. Rc6 Ra3+ 32. Kd2 Ra2+ 33. Ke3 R8a3+ 34. Kd4 Rd2+ 35. Kc5 Rc2+ 36. Kd6 Rxc6+ 37. Nxc6 Rd3+ 38. Ke7 Rd7+ 39. Ke8 Rd6 40. Ne5 Ra6 41. g4 Kg7 42. g5 Ra8+ 43.
Ke7 Ra7+ 44. Kd6 Ra6+ 45. Ke7 Ra7+ 46. Kd6 Ra6+ 47. Nc6 Ra2 48. h4 Rd2+ 49. Ke7 Rd7+ 50. Ke8 Rd6 51. Nd8 Ra6 52. Nxe6+ fxe6 53. Ke7 h6 54. Rf7+ Kg8 55. Rf8+ Kg7 56. Rf7+ Kg8 57. Rf6 Kg7 58. Rxe6 Ra7+ 59. Ke8 hxg5 60. hxg5 Ra8+ 61. Kd7 Ra7+ 62. Kd6 Ra4 63. Ke5 Kf7 64. Rf6+ Kg7 65.
Rd6 Ra5+ 66. Rd5 Ra7 67. Ke6 Ra6+ 68. Rd6 Ra4 69. Rd7+ Kg8 70. Ke5 Ra6 71. Rd6 Ra5+ 72. Kf6 Rf5+ 73. Kxg6 Rxf4 74. Rd8+ Rf8 75. Rxf8+ Kxf8 1-0

[Event "*** SCC Grand Prix: Titled Tuesday Blitz"]
[Site "Chess.com"]
[Date "2020.08.25"]
[Round "3"]
[White "nickmatta"]
[Black "XDPS"]
[Result "1/2-1/2"]
[WhiteElo "2489"]
[BlackElo "2723"]
[TimeControl "180+1"]
[EndTime "10:31:28 PDT"]
[Termination "Game drawn - insufficient material"]

1. d4 d5 2. c4 c6 3. Nf3 Nf6 4. Nc3 e6 5. e3 Nbd7 6. Qc2 Bd6 7. Bd3 O-O 8. O-O dxc4 9. Bxc4 a6 10. Be2 Qc7 11. h3 b5 12. e4 e5 13. Bg5 Re8 14.
dxe5 Nxe5 15. Bxf6 Nxf3+ 16. Bxf3 gxf6 17. Rac1 Bh2+ 18.
Kh1 Bf4 19. Rcd1 Bb7 20. Ne2 Be5 21. Nd4 c5 22. Nf5 Rad8 23. Rxd8 Rxd8 24. Rd1 Rxd1+ 25. Qxd1 Bc8 26. Bg4 Kf8 27. Qd5 Bb7 28. Qd3 Bc8 29.
Qd5 Be6 30. Qa8+ Qc8 31. Qa7 Bxf5 32. Bxf5 Qc7 33. Qxa6 c4 34. Qxb5 Kg7 35. g3 Bd4 36. Kg2 Ba7 37. Bg4 Bd4 38. Be2 c3 39. bxc3 Qxc3 40.
Qc4 Qb2 41. a4 Ba7 42. a5 Qe5 43. Bh5 Qxh5 44. Qc7 Qc5 45. Qxc5 Bxc5 46. f4 Kf8 47. Kf3 Ke7 48. e5 f5 49. g4 Ke6 50.
a6 Bb6 51. Kg3 Ba7 52. Kh4 Be3 53. Kg5 h6+ 54. Kh5 fxg4 55. hxg4 f6 56. exf6 Kxf6 57. Kxh6 Bxf4+ 58. Kh5 Be3 59. g5+ Kg7 60. g6 Ba7 61. Kg5 Be3+ 62. Kf5 Bg1 63. Kg5 Bd4 64. Kh5 Be3 65.
Kg4 Kxg6 66. Kf3 Ba7 67. Ke4 Kf6 68. Kd5 Ke7 69. Kc6 Bg1 70. Kb7 Kd7 71. a7 Bxa7 1/2-1/2

[Event "*** SCC Grand Prix: Titled Tuesday Blitz"]
[Site "Chess.com"]
[Date "2020.08.25"]
[Round "3"]
[White "AlexSuv"]
[Black "MVM2008"]
[Result "1-0"]
[WhiteElo "2486"]
[BlackElo "2223"]
[TimeControl "180+1"]
[EndTime "10:31:28 PDT"]
[Termination "AlexSuv won on time"]

1. d4 Nf6 2. c4 d5 3. Nc3 e6 4. cxd5 exd5 5. Bg5 Bb4 6. e3 O-O 7. Bd3 c6 8. Qc2 h6 9. Bh4 Re8 10. Nf3 Nbd7 11. O-O Bd6 12. a3 a6 13. b4 b5 14. e4 dxe4 15. Nxe4 Be7 16. Qxc6 Rb8 17. Nxf6+ Nxf6 18. Qc2 Bb7 19. Qd1 Qd5 20. Re1 Bd6 21. Bg3 Bxg3 22. hxg3 Ng4 23. Be2 Rbd8 24. Rc1 Nf6 25. Rc5 Qd6 26. Qc1 Ne4 27. Re5 Rxe5 28. dxe5 Qb6 29. Qe3 Qxe3 30. fxe3 Nc3 31. Bf1 Rd1 32.
Rxd1 Nxd1 33. Nd4 Nxe3 34. Nb3 Nc4 35. Nc5 Bc8 36. Bxc4 bxc4 37. Kf2 f6 38. exf6 gxf6 39. Ke3 Kg7 40. Kd4 Kg6 41. Kxc4 Kf5 42. a4 Kg4 43. Ne4 f5 44. Nd6 Be6+ 45. Kd4 Kxg3 46. b5 axb5 47. axb5 Bd7 48. b6 Bc6 49. Nxf5+ Kxg2 50. Nxh6 Kf3 51.
Nf7 Kf4 52. Kc5 Bb7 53. Nd8 Ba8 54. Kd6 Kf5 55. Kc7 Ke5 56. Nb7 Ke6 57. Kb8 Kd7 58. Kxa8 Kc8 59. Ka7 1-0

[Event "*** SCC Grand Prix: Titled Tuesday Blitz"]
[Site "Chess.com"]
[Date "2020.08.25"]
[Round "3"]
[White "SzMM19"]
[Black "Tssunami"]
[Result "0-1"]
[WhiteElo "2528"]
[BlackElo "2361"]
[TimeControl "180+1"]
[EndTime "10:31:31 PDT"]
[Termination "Tssunami won on time"]

1. e4 d6 2. c4 e5 3. Nc3 Ne7 4. g3 Ng6 5. Bg2 h5 6. h4 Bg4 7.
f3 Be6 8. d3 Nc6 9. Be3 Nd4 10.
Nge2 c5 11. Qd2 Be7 12. Nd5 Bxd5 13. exd5 f5 14. f4 Bf6 15. fxe5 Nxe5 16. Nxd4 cxd4 17. Bxd4 Ng4 18. Bxf6 Qxf6 19. O-O-O O-O-O 20. Rhf1 Rhe8 21. Rde1 g6 22. Qf4 Re7 23. Bh3 Rde8 24. Rxe7 Qxe7 25. Bxg4 hxg4 26. Qf2 Kb8 27. Kd2 Qe5 28. Kc2 a6 29. Rd1 Re7 30. Rd2 Kc7 31. a4 Qe3 32. a5 Kd8 33. h5 f4 34. hxg6 Qxf2 35. Rxf2 f3 36. Kd2 Ke8 37. b4 Kf8 38. c5 Kg7 39. cxd6 Rd7 40. Ke3 Rxd6 41. Ke4 Kxg6 42. Ke5 Rd8 43. d6 Re8+ 44. Kd5 Re2 45. Rf1 Re3 46. d4 Kf7 47.
Rf2 Re2 48. Rf1 f2 49. Kc5 Ke6 50. d5+ Kd7 51. Kb6 Rb2 52. Kxb7 Rxb4+ 53. Kxa6 Rb2 54. Ka7 Kxd6 55. a6 Kxd5 56. Rd1+ Ke4 57. Ka8 Kf3 58. a7 Kxg3 59. Rg1+ Kf3 60. Rg3+ Ke2 61. Re3+ Kd2 62. Re2+ Kc3 0-1

[Event "*** SCC Grand Prix: Titled Tuesday Blitz"]
[Site "Chess.com"]
[Date "2020.08.25"]
[Round "3"]
[White "alexrustemov"]
[Black "colegiodemadrid"]
[Result "0-1"]
[WhiteElo "2646"]
[BlackElo "2417"]
[TimeControl "180+1"]
[EndTime "10:31:32 PDT"]
[Termination "colegiodemadrid won on time"]

1. d4 d5 2. c4 c6 3. Nc3 Nf6 4. e3 Bf5 5. cxd5 cxd5 6. Qb3 Nc6 7. Qxb7 Bd7 8. Qb3 e5 9. dxe5 Nxe5 10. Be2 Rb8 11. Qd1 Bb4 12. Bd2 O-O 13. Nf3 Nxf3+ 14.
Bxf3 d4 15. exd4 Re8+ 16. Ne2 Bb5 17. O-O Bxe2 18. Bxe2 Qxd4 19. Be3 Qxb2 20. Bc4 Qe5 21. Bxa7 Rbd8 22. Qb3 Qe7 23. Be3 Ng4 24. Bxf7+ Qxf7 25. Qxb4 Nxe3 26. fxe3 Qd5 27. Rf3 Re4 28. Qb3 Qxb3 29.
axb3 h6 30. Rb1 Rb8 31. Rf2 Rxe3 32. b4 Re5 33. Rfb2 Reb5 34. Kf2 Re8 35. Re2 Rc8 36.
Ke3 Re5+ 37. Kf2 Rb5 38. Ke1 Rc4 39. Reb2 h5 40. Kd2 Rh4 41. h3 g5 42. Kc3 g4 43.
Kc4 Rb8 44. hxg4 Rxg4+ 45. Kc5 Rg5+ 46. Kc4 Rc8+ 47. Kb3 Rg3+ 48. Ka4 Ra8+ 49. Kb5 Rg5+ 50. Kc6 Ra6+ 51. Kb7 Re6 52. Rc1 Rb5+ 53. Ka7 Re4 54. Rcb1 Re6 55. Rc1 Re4 56. Rcb1 Re6 57. Rb3 Kg7 58.
Rc1 Re4 59. Rcb1 Re6 60. R1b2 Kg6 61. Rc3 Re4 62. Rg3+ Kh6 63. Rgb3 Kg5 0-1

[Event "*** SCC Grand Prix: Titled Tuesday Blitz"]
[Site "Chess.com"]
[Date "2020.08.25"]
[Round "3"]
[White "MikaelyanArman"]
[Black "ljuks68"]
[Result "1-0"]
[WhiteElo "2796"]
[BlackElo "2431"]
[TimeControl "180+1"]
[EndTime "10:31:33 PDT"]
[Termination "MikaelyanArman won on time"]

1. Nf3 d5 2. d4 Nf6 3. c4 c6 4. Nc3 dxc4 5. a4 Bf5 6. e3 e6 7. Bxc4 Bb4 8. O-O Nbd7 9. Qe2 O-O 10. e4 Bg4 11. h3 Bxf3 12. Qxf3 e5 13. Be3 exd4 14.
Bxd4 Qe7 15. Bb3 Bc5 16. Rad1 Bxd4 17. Rxd4 Rad8 18. Rfd1 Ne5 19. Qe3 Rxd4 20. Qxd4 a6 21. f4 Ng6 22. e5 Nh5 23. Ne2 Qh4 24. Rf1 Ng3 25. Nxg3 Qxg3 26. Rf3 Qh4 27. Kh2 Ne7 28. Qd7 b5 29. axb5 cxb5 30. e6 fxe6 31. Qxe6+ Kh8 32.
g3 Qf6 33. Qxf6 Rxf6 34. Re3 Ng6 35. Re8+ Rf8 36. Re6 Rf6 37. Re4 h5 38. Kg2 h4 39.
Re8+ Kh7 40. Bc2 hxg3 41. Kxg3 Kh6 42. f5 Nf8 43. Ra8 g6 44. fxg6 Nxg6 45. Be4 Ne5 46. h4 Ng6 47. Ra7 Rd6 48. Bf5 Rf6 49. Kg4 Ne5+ 50.
Kf4 Ng6+ 51. Ke4 Nxh4 52. Rh7+ Kg5 53. Rg7+ Kh6 54. Rh7+ Kg5 55. Bc8 Rb6 56. Rg7+ Ng6 57. Rc7 Kf6 58. Kd5 Kg5 59. Kc5 Rf6 60. Rc6 1-0

[Event "*** SCC Grand Prix: Titled Tuesday Blitz"]
[Site "Chess.com"]
[Date "2020.08.25"]
[Round "3"]
[White "Firouzja2003"]
[Black "Arjun2002"]
[Result "0-1"]
[WhiteElo "2981"]
[BlackElo "2702"]
[TimeControl "180+1"]
[EndTime "10:31:35 PDT"]
[Termination "Arjun2002 won by resignation"]

1. e4 e5 2. Nf3 Nc6 3. Bb5 a6 4. Ba4 Nf6 5. O-O Be7 6. Re1 b5 7. Bb3 O-O 8. a4 Bb7 9. d3 d6 10. Bd2 h6 11. Nc3 Na5 12. Ba2 b4 13. Ne2 c5 14. Ng3 Bc8 15. c3 Rb8 16. cxb4 cxb4 17. d4 Nc6 18. d5 Na5 19. Rc1 Bd7 20. b3 Kh7 21. h3 Ne8 22. Re2 g6 23. Bb1 Bf6 24.
Bd3 Qb6 25. Be3 Qb7 26. Nd2 Bg5 27. Bxg5 hxg5 28. Re1 f6 29. Qe2 Ra8 30. Rc2 Qa7 31. Rec1 Nb7 32. Ngf1 Nc5 33. Ne3 Kg7 34. Nec4 Rc8 35.
Qe3 Rc7 36. Nxd6 Nxd6 37. Rxc5 Rfc8 38. Rxc7 Rxc7 39. Qxa7 Rxa7 40. Rc5 a5 41. Nc4 Nxc4 42.
Bxc4 Kf8 43. d6 Ke8 44. f3 Kd8 45. Kf2 Be8 46. Ke3 Kd7 47. Rd5 Bf7 48. Bb5+ Kd8 49. Rd3 Be6 50. g3 Rb7 51. f4 gxf4+ 52. gxf4 Rh7 53. fxe5 Rxh3+ 54. Kd2 Rxd3+ 55. Kxd3 fxe5 56. Bc4 Kd7 57. Bb5+ Kxd6 58. Kc2 Kc5 59. Be8 g5 60. Bg6 Kd4 61. Bf5 Bf7 62. Kb2 Be8 63. Kc2 Bc6 64.
Be6 Bxe4+ 65. Kd2 Bd5 0-1

[Event "*** SCC Grand Prix: Titled Tuesday Blitz"]
[Site "Chess.com"]
[Date "2020.08.25"]
[Round "3"]
[White "RaunakSadhwani2005"]
[Black "Violord"]
[Result "0-1"]
[WhiteElo "2851"]
[BlackElo "2639"]
[TimeControl "180+1"]
[EndTime "10:31:37 PDT"]
[Termination "Violord won by resignation"]

1. e4 g6 2. d4 Bg7 3. Nf3 d6 4. Bc4 Nf6 5. Qe2 Nc6 6. e5 dxe5 7. dxe5 Ng4 8. e6 f5 9. O-O Qd6 10. g3 Nce5 11. Nxe5 Qxe5 12. Re1 O-O 13. Nc3 Qxe2 14. Rxe2 Ne5 15. Bb3 Nf3+ 16. Kg2 Nd4 17. Re1 b6 18.
Bg5 Bb7+ 19. Kf1 Rfe8 20. Red1 Nf3 21. h4 h6 22. Bf4 Nd4 23. Bxc7 Rac8 24. Bf4 Kh7 25.
Be3 Ba6+ 26. Kg2 Bb7+ 27. Kh3 Red8 28. Rd3 Ba6 29. Rd2 Nf3 30. Rd7 g5 31. hxg5 hxg5 32. g4 f4 33. Bd5 Ne5 34. Rxd8 Rxd8 35. Bd4 Bf6 36. Re1 Nxg4 37. Kxg4 Bxd4 38. Rh1+ Kg7 39.
Be4 Bxc3 40. bxc3 Bc8 41. Bf5 Rd2 42. Rh7+ Kf6 43. Rf7+ Ke5 44. Rxe7 Rxf2 45. Kxg5 Rg2+ 46. Bg4 f3 47. Rf7 Bxe6 48. Rxf3 Rxg4+ 49. Kh6 Ra4 50.
Re3+ Kd6 51. Rd3+ Ke7 52. Re3 Rxa2 53. Rg3 Rxc2 54. Rg7+ Kd6 55. Rxa7 Rxc3 56. Kg5 Kc5 57. Kf4 Bc4 58. Ke4 b5 59. Rc7+ Kb4 60. Kd4 Rd3+ 61. Ke4 Rh3 62. Kd4 Rh4+ 63. Ke3 Kc3 64. Rg7 b4 65. Rg1 b3 66. Rc1+ Kb4 67. Rh1 Rxh1 0-1

[Event "*** SCC Grand Prix: Titled Tuesday Blitz"]
[Site "Chess.com"]
[Date "2020.08.25"]
[Round "3"]
[White "The_Chess_Coach"]
[Black "kobemagic"]
[Result "1-0"]
[WhiteElo "2199"]
[BlackElo "2402"]
[TimeControl "180+1"]
[EndTime "10:31:39 PDT"]
[Termination "The_Chess_Coach won on time"]

1. d4 Nf6 2. c4 c5 3. d5 b5 4. Qc2 bxc4 5. e4 d6 6. Nc3 g6 7.
Bxc4 Bg7 8. f4 O-O 9. Nf3 Ba6 10. Bxa6 Nxa6 11. O-O Nb4 12. Qe2 a5 13. a3 Na6 14.
Rd1 Nd7 15. e5 Qb6 16. e6 Nf6 17. exf7+ Rxf7 18. Ng5 Rff8 19. Ne6 Rf7 20. Be3 Rb8 21. Rab1 Nc7 22. Ng5 Rff8 23. Bf2 h6 24. Ne6 Nxe6 25.
Qxe6+ Kh7 26. f5 gxf5 27. Qxf5+ Kh8 28. Be3 Qb3 29. Qg6 Ng8 30. Qd3 Rf7 31. Qd2 Qc4 32.
Qe2 Qxe2 33. Nxe2 Rxb2 34. Rxb2 Bxb2 35. a4 Kh7 36. Bd2 Nf6 37. Bxa5 Ne4 38. Bb6 Nc3 39. Nxc3 Bxc3 40. a5 Bd4+ 41. Kh1 Rf2 42. a6 Ra2 43. a7 Kg6 44. h3 Kf7 45. Rf1+ Ke8 46. Re1 Kd7 47.
Rf1 Bf6 48. Rb1 c4 49. Kg1 c3 50.
Kf1 c2 51. Rc1 Bg5 52. Rxc2 Ra6 53. Rc7+ Ke8 54. Rb7 Kf7 55. Rb8 Ra1+ 56. Kf2 Bh4+ 57. Kf3 Ra3+ 58. Kg4 Kg6 59. Rg8+ Kf7 60. a8=Q 1-0

[Event "*** SCC Grand Prix: Titled Tuesday Blitz"]
[Site "Chess.com"]
[Date "2020.08.25"]
[Round "3"]
[White "swimmerchess"]
[Black "Meri-Arabidze"]
[Result "1-0"]
[WhiteElo "2823"]
[BlackElo "2599"]
[TimeControl "180+1"]
[EndTime "10:31:41 PDT"]
[Termination "swimmerchess won on time"]

1. e4 c5 2. Nf3 e6 3. d4 cxd4 4. Nxd4 Nc6 5. Nc3 a6 6. Be2 d6 7.
O-O Nf6 8. Be3 Be7 9. f4 O-O 10.
Kh1 Nxd4 11. Qxd4 b5 12. Bf3 Bb7 13. Rad1 Qc7 14. e5 Bxf3 15. Rxf3 dxe5 16. Qxe5 Qxe5 17. fxe5 Ng4 18. Rd7 Nxe3 19. Rxe3 Bg5 20. Red3 Bf4 21.
Ne4 Bxe5 22. c3 a5 23. g3 b4 24. Kg2 h6 25. h4 Rfb8 26. Rd2 bxc3 27. bxc3 f5 28.
Nc5 Bxc3 29. Rc2 Rb2 30. Rxb2 Bxb2 31. Nxe6 a4 32. Nf4 a3 33. h5 Rb8 34. Nd3 Kf8 35.
Rd5 Bf6 36. Rxf5 Rb1 37. Ra5 Bb2 38. Kf3 Ra1 39. Nb4 Bc3 40. Ra8+ Kf7 41. Ra7+ Ke6 42.
Nc2 Rxa2 43. Nxa3 Bb2 44. Nb5 Rxa7 45. Nxa7 Bf6 46. Nb5 Kf5 47. Nd6+ Kg5 48. g4 Kh4 49. Kf4 Bg5+ 50. Kf5 Be7 51. Ne8 Bg5 52. Nxg7 Kg3 53. Ne6 Be3 54. g5 hxg5 55. h6 Bc1 56. Kg6 Bb2 57. Ng7 g4 58. h7 Kf2 59. h8=Q g3 60.
Qf8+ Kg1 61. Nh5 g2 62. Nf4 Bc1 63. Ne2+ Kh1 64. Qh8+ 1-0

[Event "*** SCC Grand Prix: Titled Tuesday Blitz"]
[Site "Chess.com"]
[Date "2020.08.25"]
[Round "3"]
[White "rasmussvane"]
[Black "Mischuk_D"]
[Result "1-0"]
[WhiteElo "2867"]
[BlackElo "2621"]
[TimeControl "180+1"]
[EndTime "10:31:46 PDT"]
[Termination "rasmussvane won by checkmate"]

1. Nf3 Nf6 2. g3 g6 3. Bg2 Bg7 4. O-O O-O 5. d4 d5 6. c4 c6 7.
Qb3 Qb6 8. Nc3 Rd8 9. Bd2 dxc4 10. Qxc4 Be6 11. Qa4 Na6 12. Rfc1 Bf5 13. Qa3 Qb4 14. e3 Ne4 15. Qxb4 Nxb4 16. Nxe4 Nd3 17. Nc5 Nxc1 18.
Rxc1 b6 19. Nb3 c5 20. Bc3 Rac8 21. dxc5 Bxc3 22. bxc3 bxc5 23. c4 f6 24. Nfd2 Kg7 25. Ne4 Bxe4 26. Bxe4 e6 27. Kf1 f5 28. Bg2 g5 29.
Ke2 Kf6 30. Rb1 Rc7 31. Rb2 g4 32. h4 Rd6 33. Nc1 Ra6 34. Nd3 Ra4 35. Rc2 Ra3 36.
e4 Ra4 37. Kd2 Ra3 38. e5+ Ke7 39. Ke2 Ra4 40. Nc1 Rb4 41. Nb3 Ra4 42. Nd2 Ra3 43. Rb2 Rc3 44. Bb7 Rd7 45. Bc6 Rc7 46. Ba8 Rd7 47. Bg2 Rc7 48. Kd1 Rd7 49. Bf1 Ra3 50.
Kc2 Ra4 51. Be2 Ra3 52. Nb1 Ra4 53. Nc3 Ra3 54. Nb5 Ra4 55. Nd6 Ra3 56. Rb8 Rc7 57. Kb2 Ra4 58. Bd1 Rb4+ 59. Rxb4 cxb4 60. Ba4 Rc5 61.
Kb3 a5 62. Nb7 Rxe5 63. c5 Re1 64. Kc4 Rc1+ 65. Kb5 e5 66. c6 f4 67. Kb6 e4 68.
c7 e3 69. Bc6 exf2 70. c8=Q f1=Q 71. Qd7+ Kf6 72. Qd4+ Ke7 73. Qe5+ Kf7 74. Bd5+ Kf8 75.
Qf6+ Ke8 76. Nd6+ Kd7 77. Qe6+ Kd8 78. Qe8# 1-0